 Dungeon Crawl Stone Soup version 0.28-a0-1412-gf95308ed99 (webtiles) character file.

Game seed: 6799873058066887979

534 HallandMoats the Skirmisher (level 7, -1/60 HPs)
             Began as a Ghoul Fighter on Jan 6, 2022.
             Slain by Menkaure (19 damage)
             ... on level 5 of the Dungeon.
             The game lasted 00:04:48 (4689 turns).

HallandMoats the Skirmisher (Ghoul Fighter)         Turns: 4689, Time: 00:04:49

Health: -1/60      AC:  9    Str: 20    XL:     7   Next: 25%
Magic:  7/7        EV: 10    Int:  3    God:
Gold:   236        SH:  5    Dex: 12    Spells: 6/6 levels left

rFire   + + .      SeeInvis .   b - +4 dagger "Meuts" {vorpal, rElec Dex+2}
rCold   + . .      Faith    .   c - +0 buckler
rNeg    + + +      Spirit   .   d - +0 scale mail
rPois   ∞          Reflect  .   (no helmet)
rElec   +          Harm     .   p - +0 cloak
rCorr   .          Rampage  .   (no gloves)
Will    .....                   q - +0 pair of boots
Stlth   ..........              (no amulet)
HPRegen 0.00/turn               t - ring of protection from fire
MPRegen 0.10/turn               n - ring of protection from fire

@: inhibited regen
A: claws 1, cold resistance 1, negative energy resistance 3, inhibited
regeneration, torment resistance 2
a: no special abilities


You were on level 5 of the Dungeon.
You visited 1 branch of the dungeon, and saw 5 of its levels.

You collected 236 gold pieces.

Inventory:

Hand Weapons
 a - a +0 war axe
 b - the +4 dagger "Meuts" (weapon) {vorpal, rElec Dex+2}
   (You took it off a gnoll shaman on level 4 of the Dungeon)

   It inflicts extra damage upon your enemies.
   Dex:       It affects your dexterity (+2).
   rElec:     It insulates you from electricity.
Armour
 c - a +0 buckler (worn)
 d - a +0 scale mail (worn)
 p - a +0 cloak (worn)
 q - a +0 pair of boots (worn)
Jewellery
 g - a ring of magical power
 l - a ring of magical power
 n - a ring of protection from fire (right claw)
 t - a ring of protection from fire (left claw)
Wands
 j - a wand of flame (22)
 r - a wand of acid (6)
 s - a wand of iceblast (5)
Scrolls
 e - 2 scrolls of blinking {unknown}
 f - a scroll of enchant weapon {unknown}
 h - a scroll of identify {unknown}
 k - 3 scrolls of teleportation {unknown}
Potions
 i - a potion of haste {unknown}
 m - a potion of resistance {unknown}
 o - a potion of heal wounds {unknown}
 u - a potion of magic {unknown}


   Skills:
 + Level 4.7 Fighting
 + Level 3.3 Axes
 + Level 4.0 Armour
 + Level 1.7 Dodging
 * Level 4.4 Shields
 + Level 1.9 Invocations


You had 6 spell levels left.
You didn't know any spells.
Your spell library was empty.

Dungeon Overview and Level Annotations

Branches:
Dungeon (5/15)
 Temple: D:4-7

Altars:
Vehumet

Annotations:
D:5 Menkaure


Innate Abilities, Weirdness & Mutations

You thrive by killing the living.
You are immune to poison.
You have sharp fingernails.
Your flesh is cold resistant. (rC+)
You are immune to negative energy. (rN+++)
You do not regenerate when monsters are visible.
You are immune to unholy pain and torment.


Message History

What level of the Dungeon? (default 1, ? - help)
There is a stone staircase leading down here.
You climb downwards.
There is a stone staircase leading up here.
Menkaure, Prince of Dust comes into view.
Menkaure shouts!
Menkaure gestures wildly while chanting.
Menkaure seems to speed up.
Menkaure is nearby!
Menkaure is nearby!
Menkaure hums in an indecipherable tongue.
Menkaure hits you!
Menkaure is nearby!
You hit Menkaure.
Menkaure is moderately damaged.
Menkaure hits you.
You barely miss Menkaure.
Menkaure is moderately damaged.
Menkaure hits you but does no damage. Menkaure misses you.
You barely miss Menkaure.
Menkaure is moderately damaged.
You block Menkaure's attack.
You barely miss Menkaure.
Menkaure is moderately damaged.
Menkaure hits you but does no damage.
You hit Menkaure but do no damage.
Menkaure is moderately damaged.
Menkaure hits you!! You block Menkaure's attack.
You hit Menkaure.
Menkaure is heavily damaged.
Menkaure hits you.
You hit Menkaure.
Menkaure is severely damaged.
Menkaure giggles, "These cerements are ticklish..."
Menkaure hits you!
* * * LOW HITPOINT WARNING * * *
You hit Menkaure.
Menkaure is almost destroyed.
Menkaure hits you!!
You die...

#### ..#..#
####.#..# #.<#.#..#
#### ##.#.#M.#.....
#..#.#@.......
##.#.#.#######
.###.##.#.#..#####
...................
..##.##.#.##.####..
# ...#.# .# #####.#
.# #.# .# #.# .#


You could see Menkaure (fast).

Vanquished Creatures
  A black bear (D:4)
  Crazy Yiuf (D:2)
  A gnoll shaman (D:4)
  A jelly (D:4)
  3 hounds (D:4)
  An orc priest (D:2)
  Natasha (D:2)
  3 gnolls
  7 adders
  A white imp (D:3)
  2 worms (D:2)
  6 dart slugs
  4 orcs
  7 bats
  10 endoplasms
  A giant cockroach (D:1)
  7 goblins
  9 hobgoblins
  12 kobolds
  5 quokkas
  4 ball pythons
  11 frilled lizards
  4 rats
102 creatures vanquished.

Vanquished Creatures (others)
  8 plants (D:3)
8 creatures vanquished.

Grand Total: 110 creatures vanquished

Notes
Turn   | Place    | Note
-------+----------+-------------------------------------------
     0 | D:1      | HallandMoats the Ghoul Fighter began the quest for the Orb.
     0 | D:1      | Reached XP level 1. HP: 19/19 MP: 0/0
   102 | D:1      | You fall into a shaft and drop 1 floor!
   130 | D:2      | Reached XP level 2. HP: 14/26 MP: 1/1
   465 | D:1      | Reached XP level 3. HP: 31/31 MP: 2/2
   650 | D:1      | Found a faded altar of an unknown god.
  1006 | D:1      | Reached XP level 4. HP: 40/40 MP: 3/3
  1763 | D:2      | Found a runed translucent door.
  1764 | D:2      | Noticed Crazy Yiuf
  1859 | D:2      | HP: 2/40 [Crazy Yiuf (13)]
  1860 | D:2      | Killed Crazy Yiuf
  2199 | D:3      | Noticed Natasha
  2205 | D:3      | Reached XP level 5. HP: 42/46 MP: 4/4
  2260 | D:2      | Killed Natasha
  2653 | D:2      | Reached skill level 1 in Invocations
  2884 | D:3      | Found a radiant altar of Vehumet.
  3113 | D:3      | Reached XP level 6. HP: 52/53 MP: 5/5
  3517 | D:3      | Reached skill level 1 in Dodging
  3993 | D:4      | Identified the +4 dagger "Meuts" {vorpal, rElec Dex+2}
  4001 | D:4      | HP: 2/53 [gnoll shaman (3)]
  4269 | D:4      | Noticed a black bear
  4287 | D:4      | Reached XP level 7. HP: 50/60 MP: 7/7
  4670 | D:5      | Entered Level 5 of the Dungeon
  4678 | D:5      | Noticed Menkaure
  4689 | D:5      | Slain by Menkaure

Illustrated notes

Levels and vault maps discovered:
D:1:      minmay_arrival_solitary_statue, layout_loops_ring,
          hellmonk_ecumenical_altar_arch_garden, minmay_misc_feat_square,
          amcnicky_mini_rare_corridor_liquid
D:2:      layout_loops_ring, uniq_crazy_yiuf_cottage
D:3:      layout_loops_cross, vehumet_altar_wand_db, minmay_lizard_king,
          uniq_natasha
D:4:      layout_rooms, minmay_bent
D:5:      layout_basic, hex_medium, uniq_menkaure

Skill      XL: |  1  2  3  4  5  6  7 |
---------------+----------------------+-----
Axes           | 2 3 |  3.3
Armour         | 3 4 |  4.0
Shields        | 3 4 |  4.4
Fighting       | 4 |  4.7
Invocations    | 1 |  1.9
Dodging        | 1 |  1.7

Action                   |  1- 3 |  4- 6 |  7- 9 || total
-------------------------+-------+-------+-------++-------
Melee: War axe           |    75 |    62 |       ||   137
       Quarterstaff      |       |     9 |       ||     9
       Flail             |       |   183 |       ||   183
       Dagger            |       |    18 |    19 ||    37
  Use: Potion            |       |     2 |       ||     2
Armor: Scale mail        |    43 |   178 |    11 ||   232
Dodge: Dodged            |    38 |   154 |     5 ||   197
Block: Buckler           |    13 |    84 |     5 ||   102

Table legend: (Time is in decaauts)
 A = Elapsed time spent in this place.
 B = Non-inter-level travel time spent in this place.
 C = Inter-level travel time spent in this place.
 D = Time resting spent in this place.
 E = Time spent auto-exploring this place.
 F = Levels seen in this place.
 G = Mean time per level.
                   A        B        C        D        E       F      G
               +--------+--------+--------+--------+--------+-----+--------+
         Total |   4818 |   4683 |    135 |   1157 |   2607 |   5 |  963.6 |
       Dungeon |   4818 |   4683 |    135 |   1157 |   2607 |   5 |  963.6 |
               +--------+--------+--------+--------+--------+-----+--------+

Top non-repeatable levels by time:
     D:2: 2096 daAuts
     D:4: 993 daAuts
     D:3: 937 daAuts
     D:1: 771 daAuts
     D:5: 19 daAuts
